 Dungeon Crawl Stone Soup version 0.20-a0-556-g892c87b (console) character file.

369 Goblin1989 the Cudgeler (level 6, -5/47 HPs)
             Began as a Barachian Fighter on Feb 5, 2017.
             Killed by nerve-wracking pain
             ... invoked by a shadow imp
              (8 damage)
             ... in a sewer.
             The game lasted 00:07:32 (2500 turns).

Goblin1989 the Cudgeler (Barachian Fighter)         Turns: 2500, Time: 00:07:35

Health: -5/47      AC:  6    Str: 16    XL:     6   Next: 70%
Magic:  6/6        EV:  6    Int:  6    God:
Gold:   64         SH:  8    Dex: 11    Spells: 5/5 levels left

rFire    . . .     SeeInvis .   a - +0 flail
rCold    . . .     Gourm    .   b - +0 scale mail
rNeg     . . .     Faith    .   c - +0 shield
rPois    .         Spirit   .   (no helmet)
rElec    .         Reflect  .   (no cloak)
rCorr    .         Harm     .   (no gloves)
MR       .....                  (no boots)
Stlth    ..........             (no amulet)
Regen    0.2/turn               (no ring)
                                (no ring)

@: lethally poisoned (-5 -> -6), slow
A: swims, slowness 1, strong legs 1
a: Hop


You were in a sewer.
You were not hungry.

You visited 1 branch of the dungeon, and saw 3 of its levels.
You also visited: Sewer.

You collected 64 gold pieces.

Inventory:

Hand Weapons
 a - a +0 flail (weapon)
Armour
 b - a +0 scale mail (worn)
 c - a +0 shield (worn)
 m - a +0 pair of boots
Jewellery
 g - a +4 ring of protection {unknown}
 j - an uncursed ring of see invisible {unknown}
Scrolls
 k - a scroll of blinking {unknown}
Potions
 d - a potion of might
 i - a potion of curing {unknown}
 n - a potion of haste {unknown}
 p - a potion of lignification {unknown}
Comestibles
 e - 5 bread rations {@e1}
 l - a meat ration {@e2}


   Skills:
 + Level 3.4 Fighting
 * Level 6.7 Maces & Flails
 + Level 3.4 Armour
 + Level 3.0 Shields


You had 5 spell levels left.
You didn't know any spells.

Dungeon Overview and Level Annotations

Branches:
Dungeon (3/15)

Altars:
Dithmenos
Yredelemnul

Annotations:
D:2 1 runed door


Innate Abilities, Weirdness & Mutations

You can swim through water.
You cover ground slowly.
You can hop short distances.


Message History

No target in view!
No target in view!
No target in view!
No target in view!
No target in view!
No target in view!
There is a gate leading back out of this place here.
A kobold comes into view.
The kobold shouts!
A kobold comes into view. It is wielding a club.
A kobold and a shadow imp come into view.
The shadow imp shouts, "Run away, thou hateful fool-born gonus!"
The kobold shouts!
An ooze comes into view.
The ooze quivers.
You block the kobold's attack. The kobold hits you but does no damage.
You hit the kobold.
You kill the kobold!
The kobold splashes around in the water.
The shadow imp grinds its teeth.
You hit the kobold.
You kill the kobold!
You hear a splash.
The kobold unwields an uncursed dagger.
The kobold wields a glowing blowgun.
The kobold shoots a poisoned needle.
The poisoned needle hits you.
You are poisoned.
You hear a splash.
You feel sick.
The kobold hits you with an enchanted blowgun.
You see here a club.
You take 2 damage, and have 45/47 hp.
You sock the kobold!
You kill the kobold!
You hit the shadow imp but do no damage.
You feel sick. The shadow imp gestures at you. Pain shoots through your body!
You hit the shadow imp.
The shadow imp is lightly wounded.
The shadow imp hits you.
You barely miss the shadow imp.
The shadow imp is lightly wounded.
The shadow imp barely misses you. The shadow imp gestures at you.
Pain shoots through your body!
You are too injured to fight recklessly!
You are too injured to fight recklessly!
You take 21 damage, and have 24/47 hp.
O_OOPS!!
MASSIVE DAMAGE!!
You are too injured to fight recklessly!
You are too injured to fight recklessly!
You are too injured to fight recklessly!
You are too injured to fight recklessly!
You are too injured to fight recklessly!
You are too injured to fight recklessly!
You are too injured to fight recklessly!
You are too injured to fight recklessly!
You are too injured to fight recklessly!
You are too injured to fight recklessly!
You are too injured to fight recklessly!
You are too injured to fight recklessly!
You are too injured to fight recklessly!
You are too injured to fight recklessly!
You are too injured to fight recklessly!
You are too injured to fight recklessly!
You are too injured to fight recklessly!
You are too injured to fight recklessly!
Unknown command.
You are too injured to fight recklessly!
You are too injured to fight recklessly!
You are too injured to fight recklessly!
You are too injured to fight recklessly!
Unknown command.
You closely miss the shadow imp.
The shadow imp is lightly wounded.
You feel sick. The shadow imp hits you.
You take 2 damage, and have 22/47 hp.
You closely miss the shadow imp.
The shadow imp is lightly wounded.
You block the shadow imp's attack.
You closely miss the shadow imp.
The shadow imp is lightly wounded.
The shadow imp hits you.
* * * LOW HITPOINT WARNING * * *
You take 2 damage, and have 20/47 hp.
You hit the shadow imp.
The shadow imp is heavily wounded.
You feel sick. You block the shadow imp's attack.
You hit the shadow imp but do no damage.
The shadow imp is heavily wounded.
The shadow imp hits you.
* * * LOW HITPOINT WARNING * * *
You take 4 damage, and have 16/47 hp.
You barely miss the shadow imp.
The shadow imp is heavily wounded.
The shadow imp gestures at you. Pain shoots through your body!
* * * LOW HITPOINT WARNING * * *
The shadow imp gestures at you. Pain shoots through your body!
You die... ██ ███████████████████

█≈≈≈█≈.≈≈≈≈≈≈≈≈≈≈≈≈≈█≈≈
█.≈≈J5@(≈≈≈≈≈≈≈≈≈≈≈≈≈≈.
█...█≈≈≈≈≈≈≈≈≈≈≈≈≈≈≈█.≈
██ ██████████████████.
▲.≈≈≈≈≈≈≈≈≈≈≈≈≈≈█..
█.≈≈≈≈≈≈≈≈≈≈≈≈≈≈█.≈
█.≈≈≈≈≈≈≈≈≈≈≈≈≈≈█.≈
█.≈≈≈≈≈≈≈≈≈≈≈≈≈≈█.≈
█..≈≈≈≈≈≈≈≈≈≈≈≈≈█.≈
█....≈≈≈≈≈≈≈≈≈≈≈█.≈


You could see an ooze and a shadow imp.

Vanquished Creatures
  Sigmund (D:2)
  Jessica (D:2)
  Natasha (twice) (D:2)
  A big kobold zombie (Sewer)
  An adder (D:2)
  A river rat (D:3)
  2 shadow imps (Sewer)
  3 ufetubi (Sewer)
  2 oozes
  A worm (D:3)
  2 leopard geckos (D:2)
  5 giant cockroaches
  5 goblins
  3 hobgoblins
  3 ball pythons (D:3)
  6 bats
  4 frilled lizards
  2 giant cockroach zombies (Sewer)
  12 kobolds
  6 rats
63 creatures vanquished.

Notes
Turn   | Place    | Note
-------+----------+-------------------------------------------
     0 | D:1      | Goblin1989 the Barachian Fighter began the quest for the Orb.
     0 | D:1      | Reached XP level 1. HP: 18/18 MP: 1/1
   163 | D:1      | Reached XP level 2. HP: 16/24 MP: 2/2
   300 | D:1      | Reached skill level 3 in Maces & Flails
   641 | D:2      | Noticed Sigmund
   692 | D:2      | Noticed Natasha
   699 | D:2      | Killed Natasha
   699 | D:2      | Reached XP level 3. HP: 26/29 MP: 3/3
   774 | D:2      | Reached skill level 4 in Maces & Flails
   794 | D:2      | Found a shadowy altar of Dithmenos.
   943 | D:2      | Killed Sigmund
   943 | D:2      | Reached skill level 5 in Maces & Flails
   943 | D:2      | Reached XP level 4. HP: 24/35 MP: 4/4
   943 | D:2      | Reached XP level 5. HP: 28/41 MP: 5/5
   948 | D:2      | Reached skill level 6 in Maces & Flails
   949 | D:2      | Found a basalt altar of Yredelemnul.
  1121 | D:2      | Reached XP level 6. HP: 32/47 MP: 6/6
  1364 | D:2      | Noticed Jessica
  1367 | D:2      | Killed Jessica
  1420 | D:2      | Found a runed door.
  1592 | D:2      | Noticed Natasha
  1598 | D:2      | Killed Natasha
  1957 | D:3      | Found a glowing drain.
  2125 | Sewer    | Entered a sewer
  2500 | Sewer    | Killed from afar by a shadow imp

Vault maps used:
D:1:      minmay_arrival_four_houses
D:2:      grunt_dithmenos_smoke_and_mirrors, lemuel_round_altar,
          serial_bayou_lake_a, uniq_crazy_yiuf_cottage, uniq_sigmund,
          uniq_natasha, uniq_jessica
D:3:      minmay_goblin_kobold_castle, portal_sewer_entry_e,
          minmay_stone_trees_small, led_sif_pool
Sewer:    kennysheep_sewer_church

Skill      XL: |  1  2  3  4  5 |
---------------+----------------+-----
Maces & Flails | 3 5 6 |  6.7
Fighting       | |  3.4
Armour         | |  3.4
Shields        | |  3.0

Action                   |  1- 3 |  4- 6 || total
-------------------------+-------+-------++-------
Melee: Flail             |    81 |   151 ||   232
  Use: Scroll            |       |     2 ||     2
  Eat: Chunk             |     1 |     5 ||     6
Armor: Scale mail        |    24 |    78 ||   102
Dodge: Dodged            |    24 |    55 ||    79
Block: Shield            |    33 |    79 ||   112

Vault maps used:
D:1:      minmay_arrival_four_houses
D:2:      grunt_dithmenos_smoke_and_mirrors, lemuel_round_altar,
          serial_bayou_lake_a, uniq_crazy_yiuf_cottage, uniq_sigmund,
          uniq_natasha, uniq_jessica
D:3:      minmay_goblin_kobold_castle, portal_sewer_entry_e,
          minmay_stone_trees_small, led_sif_pool
Sewer:    kennysheep_sewer_church
